 Dungeon Crawl Stone Soup version 0.17-a0-2073-gde5cdba (webtiles) character file.

128 Jackolantern the Chopper (level 5, -2/37 HPs)
             Began as a Human Wanderer on Oct 15, 2015.
             Succumbed to an orc wizard's poison
             ... on level 2 of the Dungeon.
             The game lasted 00:07:50 (2042 turns).

Jackolantern the Chopper (Human Wanderer)           Turns: 2042, Time: 00:07:50

Health: -2/37      AC:  5    Str: 12    XL:     5   Next: 34%
Magic:  6/6        EV: 11    Int: 12    God:
Gold:   112        SH:  0    Dex: 14    Spells: 0 memorised, 6 levels left

rFire  . . .     SeeInvis .     a - +2 hand axe
rCold  . . .     Clarity  .     d - +0 ring mail
rNeg   . . .     SustAt   .     (no shield)
rPois  .         Gourm    .     (no helmet)
rElec  .         Spirit   .     (no cloak)
rCorr  .         Warding  .     (no gloves)
rMut   .         Stasis   .     (no boots)
MR     .....                    (no amulet)
Stlth  +.........               (no ring)
                                i - +1 ring of slaying

@: lethally poisoned (-2 -> -46), not resistant to hostile enchantments, very
unstealthy
A: no striking features
a: no special abilities


You were on level 2 of the Dungeon.
You were not hungry.

You visited 1 branch of the dungeon, and saw 3 of its levels.

You collected 112 gold pieces.

Inventory:

Hand Weapons
 a - a +2 hand axe (weapon)
 b - a +3 shortbow
Missiles
 c - 13 arrows
Armour
 d - a +0 ring mail (worn)
Jewellery
 i - a +1 ring of slaying (left hand)
 n - a +3 ring of dexterity {unknown}
Wands
 o - a wand of flame (9)
Scrolls
 f - 2 scrolls of identify {unknown}
 m - a scroll of enchant armour {unknown}
 q - a scroll of immolation {unknown}
 s - a scroll of teleportation {unknown}
Potions
 g - 3 potions of curing {unknown}
 j - 2 potions of lignification {unknown}
 k - 2 potions of heal wounds {unknown}
 p - a potion of agility {unknown}
 r - a potion of degeneration {unknown}
Comestibles
 e - 2 bread rations
 h - 3 meat rations
 l - a beef jerky


   Skills:
 + Level 1.2 Fighting
   Level 1.0 Long Blades
 + Level 3.5 Axes
 + Level 1.5 Bows
 + Level 2.4 Throwing
 + Level 2.4 Armour
 + Level 2.0 Dodging
 + Level 1.6 Stealth
 + Level 1.2 Spellcasting


You had 6 spell levels left.
You didn't know any spells.

Dungeon Overview and Level Annotations

Branches:
Dungeon (3/15)

Altars:
Kikubaaqudgha


Message History

You feel very sick.
There is a stone staircase leading down here.
Unknown command.
* * * LOW HITPOINT WARNING * * *
You feel sick. Something hits you but does no damage.
* * * LOW HITPOINT WARNING * * *
You feel very sick.
There is an open door here.
You slash something!
* * * LOW HITPOINT WARNING * * *
You feel sick. Something hits you but does no damage.
You are more poisoned.
You hit something.
* * * LOW HITPOINT WARNING * * *
You feel very sick. Something hits you.
* * * LOW HITPOINT WARNING * * *
You are more poisoned.
You hit something but do no damage.
You die...

##.#######.# #.#
#)# #.# #.# #.# #.#
#.# #.# #.# #.#
######### #.# #.#
#........ #.# #.#
#.####### #.#
##@########'#### ##
#.#
#.{...#........###.
#.#
#.>..>'........'.+.
#.#
#.....#........###.
#.#
#.....#........# #.
#.#
#.....#........###.
#.#
#.....'............
#.#
#.....#........###.
#.#
#.....#....(...# #.


There were no monsters in sight!

Vanquished Creatures
  Jessica (D:2)
  An adder (D:2)
  3 gnolls (D:3)
  An ooze (D:2)
  2 worms (D:2)
  An orc (D:3)
  2 giant cockroaches
  10 hobgoblins
  A ball python (D:1)
  8 bats
  4 giant newts
  8 goblins
  5 kobolds
  2 rats (D:1)
49 creatures vanquished.

Vanquished Creatures (others)
  2 orcs (D:3)
2 creatures vanquished.

Grand Total: 51 creatures vanquished

Notes
Turn   | Place    | Note
--------------------------------------------------------------
     0 | D:1      | Jackolantern the Human Wanderer began the quest for the Orb.
     0 | D:1      | Jackolantern set off with: a +2 hand axe, a +0 shortbow, 22 arrows, a +0 ring mail, a bread ration
     0 | D:1      | Reached XP level 1. HP: 13/13 MP: 1/1
   114 | D:1      | Reached XP level 2. HP: 8/19 MP: 2/2
   579 | D:2      | Noticed Jessica
   581 | D:2      | Killed Jessica
   581 | D:2      | Reached skill level 1 in Bows
   581 | D:2      | Reached XP level 3. HP: 25/25 MP: 4/4
   594 | D:2      | Reached XP level 4. HP: 6/31 MP: 5/5
  1037 | D:2      | Reached skill level 1 in Spellcasting
  1385 | D:2      | Found an ancient bone altar of Kikubaaqudgha.
  1482 | D:2      | Reached skill level 1 in Fighting
  1673 | D:3      | Reached XP level 5. HP: 37/37 MP: 6/6
  2042 | D:2      | Succumbed to an orc wizard's poison

Vault maps used:
D:1:      mrwooster_arrival_arrow
D:2:      nicolae_overflow_hidden_temple, serial_bayou_ford_a, uniq_jessica,
          uniq_crazy_yiuf_cottage
D:3:      overflow_temple_1_default, first_bread, lemuel_flame_loot_1

Action                   |  1- 3 |  4- 6 || total
-------------------------+-------+-------++-------
Melee: Hand axe          |    33 |    27 ||    60
 Fire: Shortbow          |    24 |    47 ||    71
Evoke: Wand              |     2 |     8 ||    10
  Use: Scroll            |       |     5 ||     5
  Eat: Chunk             |       |     2 ||     2
       Bread ration      |       |     1 ||     1
